 Dungeon Crawl Stone Soup version 0.31-a0-524-g2a164cf6a2 (webtiles) character file.

Game seed: 1269084807149848013

3092 AdnanSaban the Basher (level 9, -1/56 HPs)
             Began as a Gargoyle Fighter on Aug 12, 2023.
             Slain by a troll (7 damage)
             ... on level 7 of the Dungeon.
             The game lasted 00:08:07 (7746 turns).

AdnanSaban the Basher (Gargoyle Fighter)            Turns: 7746, Time: 00:08:07

Health: -1/56      AC: 28    Str: 24    XL:     9   Next: 89%
Magic:  9/9        EV: 10    Int: 13    God:
Gold:   404        SH:  6    Dex: 15    Spells: 8/8 levels left

rFire   . . .        I - +2 whip (venom)
rCold   . . .        c - +0 buckler
rNeg    + + .        K - +7 chain mail "Gikhase" {rN+ Will+ Int+4}
rPois   ∞            (no helmet)
rElec   +            v - +0 cloak
rCorr   .            A - +0 pair of gloves
SInv    .            k - +0 pair of boots
Will    ++...        (no amulet) Stlth
                     j - ring of willpower
HPRegen 0.29/turn    D - +6 ring of dexterity
MPRegen 0.11/turn

%: no passive effects
@: no status effects
A: sickness immunity, AC +6, negative energy resistance 1, electricity
resistance, torment resistance 1, petrification resistance
a: no special abilities


You were on level 7 of the Dungeon.
You visited 2 branches of the dungeon, and saw 8 of its levels.
You also visited: Sewer.

You collected 404 gold pieces.

Inventory:

Hand Weapons
 I - a +2 whip of venom (weapon)
Missiles
 l - 4 javelins
 n - 3 atropa-tipped darts
 y - 36 poisoned darts (quivered)
 B - 8 boomerangs
 H - 2 darts of dispersal
Armour
 c - a +0 buckler (worn)
 k - a +0 pair of boots (worn)
 v - a +0 cloak (worn)
 A - a +0 pair of gloves (worn)
 K - the +7 chain mail "Gikhase" (worn) {rN+ Will+ Int+4}
   (You found it on level 7 of the Dungeon)

   Int+4:     It affects your intelligence (+4).
   rN+:       It protects you from negative energy.
   Will+:     It increases your willpower.
Jewellery
 j - a ring of willpower (left hand)
 D - a +6 ring of dexterity (right hand)
 L - a +4 ring of protection
Wands
 b - a wand of iceblast (20)
 z - a wand of flame (11)
Scrolls
 e - 2 scrolls of revelation {unknown}
 i - 6 scrolls of identify {unknown}
 m - 4 scrolls of fear {unknown}
 o - a scroll of brand weapon {unknown}
 q - 5 scrolls of immolation {unknown}
 r - a scroll of acquirement {unknown}
 s - a scroll of poison {unknown}
 u - a scroll of silence {unknown}
 E - a scroll of teleportation {unknown}
 F - a scroll of vulnerability {unknown}
 G - 2 scrolls of summoning {unknown}
 J - a scroll of fog {unknown}
Potions
 a - 2 potions of magic {unknown}
 d - 3 potions of might
 f - 2 potions of enlightenment {unknown}
 g - 2 potions of brilliance {unknown}
 h - 3 potions of mutation {unknown}
 p - a potion of degeneration {unknown}
 t - 6 potions of invisibility {unknown}
 w - 2 potions of lignification {unknown}
 x - 3 potions of curing {unknown}
 C - 2 potions of attraction {unknown}


   Skills:
 + Level 6.7 Fighting
 + Level 8.7 Maces & Flails
 + Level 0.1 Throwing
 + Level 7.3 Armour
 + Level 3.5 Dodging
 + Level 1.5 Stealth
 + Level 6.1 Shields


You had 8 spell levels left.
You didn't know any spells.
Your spell library contained the following spells:

 Spells                   Type           Power      Damage    Failure   Level
 Foxfire                  Conj/Fire      0%         2x1d4     87%         1
 Blink                    Tloc           0%         N/A       95%         2
 Lesser Beckoning         Tloc           0%         N/A       95%         2
 Momentum Strike          Conj/Tloc      0%         3d8       95%         2
 Dazzling Flash           Conj/Hex       0%         N/A       99%         3
 Animate Dead             Necr           0%         N/A       100%        4
 Petrify                  Tmut/Erth      0%         N/A       100%        4
 Summon Ice Beast         Ice/Summ       0%         N/A       100%        4
 Agony                    Necr           0%         N/A       100%        5
 Borgnjor's Vile Clutch   Necr/Erth      0%         N/A       100%        5
 Irradiate                Conj/Tmut      0%         3d11      100%        5
 Silence                  Hex/Air        0%         N/A       100%        5
 Summon Mana Viper        Hex/Summ       0%         N/A       100%        5
 Death Channel            Necr           0%         N/A       100%        6
 Plasma Beam              Fire/Air       0%         2x1d10    100%        6
 Starburst                Conj/Fire      0%         6d3       100%        6
 Monstrous Menagerie      Summ           0%         N/A       100%        7
 Sublimation of Blood     Necr           Unusable   N/A       N/A         2

Dungeon Overview and Level Annotations

Branches:
Dungeon (7/15)             Temple (1/1) D:7           Sewer (visited)

Altars:
Ashenzari
Dithmenos
Elyvilon
Fedhas
Gozag
Hepliaklqana
Kikubaaqudgha
Nemelex Xobeh
Qazlal
Ru
Trog
Uskayaw
Vehumet
Wu Jian
Xom
Yredelemnul
Zin
The Shining One

Shops:
D:5 (   D:7 *

Annotations:
D:6 1 runed translucent door, AIAndy's ghost, novice OpSh


Innate Abilities, Weirdness & Mutations

You are immune to sickness and miasma.
Your stone body is resilient. (AC +6)
You are immune to poison.
You resist negative energy. (rN+)
You are resistant to electric shocks. (rElec)
You are resistant to unholy torment.
You are immune to petrification.


Message History

No target in view!
No target in view!
A troll comes into view.
Found the +1 robe of Vines {NoPotionHeal Regen++++}.
The troll shouts!
You hear a roar!
A troll is nearby!
A troll is nearby!
A four-headed hydra comes into view.
The troll bites you but does no damage. The troll claws you but does no damage.
The troll barely misses you.
You hit the troll.
The troll is poisoned.
The troll is lightly wounded.
You block the troll's attack. x2; The troll barely misses you.
You completely miss the troll.
The troll is lightly wounded.
The troll closely misses you. The troll claws you!
You block the troll's attack.
You block the four-headed hydra's attack.
The four-headed hydra bites you!
The four-headed hydra bites you but does no damage.
The four-headed hydra closely misses you.
The troll attacks as you move away! The troll bites you!
The troll completely misses you. x2
You whack the plant!
The plant begins to die.
The plant is lightly damaged.
A nearby plant withers and dies.
The troll attacks as you move away! The troll bites you but does no damage.
The troll claws you but does no damage. The troll claws you.
The troll attacks as you move away! You block the troll's attack.
The troll claws you. The troll closely misses you.
The troll attacks as you move away! You block the troll's attack.
The troll closely misses you. The troll claws you but does no damage.
The troll attacks as you move away! The troll bites you but does no damage.
The troll claws you. The troll claws you!
* * * LOW HITPOINT WARNING * * *
The troll attacks as you move away! The troll bites you.
* * * LOW HITPOINT WARNING * * *
The troll claws you but does no damage. x2
The troll attacks as you move away! The troll bites you!
You die...

#...... ## ### #.##### ###.##P##
#.# #...P...## #.#
#........########### #.#####
#.P................# #......
..#....##..........# ######.
##$.###..........# #.
#)...##.....DT@..#############.
##♣:.##....(.....'.............
P..P#..........#############.
.~~..#..........# #.
..~~..#..........##############
#P.P..[#....)))...'.............
##..♣###....).....##############
#.P ######....## P########....#
##


You could see a four-headed hydra and a troll (poisoned).

Vanquished Creatures
  Maggie (D:7)
  A troll (D:7)
  2 black bears
  2 ogres
  A centaur (D:5)
  2 phantoms (D:6)
  2 kobold brigands (Sewer)
  3 bullfrogs
  A gnoll sergeant (D:6)
  5 scorpions
  6 electric eels (D:6)
  2 howler monkeys
  4 hounds
  2 orc priests
  3 gnoll boudas
  3 jellies
  2 iguanas (D:5)
  3 sleepcaps
  5 orc wizards
  14 adders
  12 gnolls
  5 river rats (Sewer)
  A shadow imp (D:5)
  An ufetubus (D:7)
  3 worms
  3 dart slugs
  25 orcs
  6 endoplasms
  A giant cockroach (D:3)
  5 goblins
  5 hobgoblins
  2 jackals (D:3)
  20 kobolds
  2 quokkas (D:4)
  12 ball pythons
  6 bats
  A frilled lizard (Sewer)
  20 rats
  A spectral goblin (D:6)
195 creatures vanquished.

Notes
Turn   | Place    | Note
-------+----------+-------------------------------------------
     0 | D:1      | AdnanSaban the Gargoyle Fighter began the quest for the
                  | Orb.
     0 | D:1      | Reached XP level 1. HP: 14/14 MP: 1/1
   258 | D:1      | Reached XP level 2. HP: 19/19 MP: 2/2
   311 | D:1      | Found a faded altar of an unknown god.
   607 | D:2      | Reached XP level 3. HP: 22/24 MP: 3/3
  1223 | D:3      | Reached skill level 3 in Maces & Flails
  1223 | D:3      | Reached XP level 4. HP: 18/29 MP: 4/4
  1443 | D:2      | Reached XP level 5. HP: 8/33 MP: 5/5
  2127 | D:4      | Found a bloodstained altar of Trog.
  2206 | D:4      | Reached skill level 1 in Dodging
  2318 | D:4      | Reached skill level 4 in Maces & Flails
  2318 | D:4      | Reached XP level 6. HP: 37/38 MP: 6/6
  2859 | D:4      | Reached skill level 5 in Maces & Flails
  2859 | D:4      | Reached XP level 7. HP: 8/44 MP: 7/7
  3000 | D:4      | Found a stormy altar of Qazlal.
  3001 | D:4      | Noticed a water elemental
  3004 | D:4      | Noticed an air elemental
  3004 | D:4      | Noticed a fire elemental
  3542 | D:5      | Entered Level 5 of the Dungeon
  3636 | D:5      | Reached skill level 5 in Armour
  3652 | D:5      | Found a white marble altar of Elyvilon.
  4013 | D:5      | Found a glowing drain.
  4022 | Sewer    | Entered a sewer
  4035 | Sewer    | Reached skill level 5 in Fighting
  4254 | Sewer    | Reached XP level 8. HP: 44/49 MP: 8/8
  4328 | Sewer    | Reached skill level 6 in Maces & Flails
  4794 | D:5      | Found a broken altar of Ashenzari.
  4850 | D:5      | Found Ynues's Antique Weapon Boutique.
  4867 | D:5      | Found a hide-covered altar of Uskayaw.
  5049 | D:5      | Reached skill level 5 in Shields
  5175 | D:5      | Found an ornate altar of the Wu Jian Council.
  5392 | D:5      | Found an opulent altar of Gozag.
  5610 | D:5      | Reached skill level 7 in Maces & Flails
  6045 | D:6      | Reached XP level 9. HP: 51/55 MP: 9/9
  6196 | D:6      | Found a shadowy altar of Dithmenos.
  6335 | D:6      | Found a runed translucent door.
  6335 | D:6      | Found a shimmering altar of Xom.
  6335 | D:6      | Noticed AIAndy's ghost (novice OpSh)
  6335 | D:6      | Noticed a +0 scimitar of chaos
  6478 | D:6      | Reached skill level 8 in Maces & Flails
  6894 | D:6      | Found a hazy altar of Hepliaklqana.
  7134 | D:7      | Found Neocs's Assorted Antiques.
  7179 | D:7      | Identified the +7 chain mail "Gikhase" {rN+ Will+ Int+4}
  7279 | D:7      | Noticed a troll
  7300 | D:7      | Killed a troll
  7397 | D:7      | Found a staircase to the Ecumenical Temple.
  7408 | Temple   | Entered the Ecumenical Temple
  7420 | D:7      | Noticed Maggie
  7436 | D:7      | Killed Maggie
  7437 | D:7      | Reached skill level 1 in Stealth
  7727 | D:7      | Noticed a troll
  7727 | D:7      | Found the +1 robe of Vines {NoPotionHeal Regen++++}
  7728 | D:7      | Noticed a four-headed hydra
  7746 | D:7      | Slain by a troll

Illustrated notes

Levels and vault maps discovered:
D:1:      lightli_arrival_windingriver, layout_rooms,
          chequers_ecumenical_altar_island
D:2:      layout_basic, serial_rivers, chequers_serial_rivers_marsh,
          chequers_serial_rivers_room_a, chequers_serial_rivers_small_3,
          chequers_serial_rivers_small_3, minmay_misc_feat_roman
D:3:      layout_basic, minmay_fountain_box
D:4:      layout_basic, nicolae_qazlal_style_of_elements,
          general_overflow_altar, minmay_stone_trees_small
D:5:      layout_basic, mainiacjoe_overflow_boulevard, grunt_gozag_breadcrumbs,
          nicolae_overflow_crystal_walls, old_standard_altar, lemuel_tele_altar,
          cheibrodos_sewer_entry_bend, nicolae_take_the_stairs,
          nicolae_half_adder
D:6:      cheibrodos_two_vegetables, layout_loops_ring,
          nicolae_dithmenos_through_a_glass_darkly,
          nicolae_hepliaklqana_monster_ancestors, ebering_ghost_xom
D:7:      layout_basic, minmay_temple_entry_drinking_statues, serial_shops,
          shop, hellmonk_guarded_unrand_vines, uniq_maggie
Temple:   nicolae_temple_figure_zero

Skill      XL: |  1  2  3  4  5  6  7  8  9 |
---------------+----------------------------+-----
Maces & Flails | 3 4 5 7 8 |  8.7
Armour         | 4 5 6 7 |  7.3
Fighting       | 4 5 6 |  6.7
Dodging        | 1 3 |  3.5
Shields        | 4 5 6 |  6.1
Stealth        | 1 |  1.5
Throwing       | |  0.1

Action                     |  1- 3 |  4- 6 |  7- 9 || total
---------------------------+-------+-------+-------++-------
  Melee: Flail             |    78 |   208 |   348 ||   634
         Whip              |       |       |   235 ||   235
  Throw: Dart              |       |       |     3 ||     3
 Armour: Scale mail        |    58 |   141 |   322 ||   521
         Chain mail        |       |       |    38 ||    38
  Dodge: Dodged            |    36 |    78 |   348 ||   462
  Block: Buckler           |    14 |    48 |   196 ||   258

Table legend: (Time is in decaauts)
 A = Elapsed time spent in this place.
 B = Non-inter-level travel time spent in this place.
 C = Inter-level travel time spent in this place.
 D = Time resting spent in this place.
 E = Time spent auto-exploring this place.
 F = Levels seen in this place.
 G = Mean time per level.
                   A        B        C        D        E       F      G
               +--------+--------+--------+--------+--------+-----+--------+
         Total |   7861 |   7564 |    297 |    460 |   5393 |   9 |  873.4 |
       Dungeon |   7087 |   6790 |    297 |    460 |   4922 |   7 | 1012.4 |
        Temple |      1 |      1 |      0 |      0 |      0 |   1 |    1.0 |
         Sewer |    771 |    771 |      0 |      0 |    470 |   1 |  771.0 |
               +--------+--------+--------+--------+--------+-----+--------+

Top non-repeatable levels by time:
     D:4: 1560 daAuts
     D:6: 1351 daAuts
     D:5: 1349 daAuts
     D:2: 827 daAuts
     D:3: 811 daAuts
   Sewer: 771 daAuts
     D:7: 675 daAuts
     D:1: 512 daAuts
  Temple: 1 daAuts
